 Dungeon Crawl Stone Soup version 0.30-a0-800-g7c544603b3 (console) character file.

Game seed: 9164159342334613565

26084 jejorda2 the Impaler (level 13, 0/101 HPs)
             Began as a Merfolk Berserker on Feb 22, 2023.
             Was an Elder of Trog.
             Slain by a skyshark (17 damage)
             ... on level 5 of the Lair of Beasts.
             The game lasted 00:30:09 (11950 turns).

jejorda2 the Impaler (Merfolk Berserker)           Turns: 11950, Time: 00:30:10

Health: 0/101      AC: 23    Str: 27    XL:     13   Next: 23%
Magic:  13/13      EV: 21    Int:  6    God:    Trog [****..]
Gold:   666        SH:  0    Dex: 13    Spells: 12/12 levels left

rFire   . . .      SeeInvis .    a - +0 halberd (flame)
rCold   + + +      Faith    .    (shield currently unavailable)
rNeg    . . .      Spirit   .    F - +0 chain mail of Demons {rElec rC+++ rCorr Int-4}
rPois   .          Reflect  .    (no helmet)
rElec   +          Harm     .    r - +5 cloak "Yrotanuv" {Str+4 Int+4}
rCorr   +          Rampage  ∞    y - +2 pair of gloves
Will    ++...                    f - +3 pair of seven-league boots {Rampage+∞} Stlth
                                 K - amulet of regeneration
HPRegen 2.16/turn                A - +5 ring of evasion
MPRegen 0.13/turn                c - +5 ring of evasion

@: mighty, strong-willed, on berserk cooldown, regenerating, slowed, very slow
A: (nimble swimmer 2), mertail
a: Renounce Religion, Berserk, Trog's Hand, Brothers in Arms


You were on level 5 of the Lair of Beasts.
You worshipped Trog.
Trog was greatly pleased with you.
You visited 2 branches of the dungeon, and saw 15 of its levels.

You collected 714 gold pieces.
You spent 48 gold pieces at shops.

Inventory:

Hand Weapons
 a - a +0 halberd of flaming (weapon)
 p - a +1 halberd
Missiles
 h - 140 stones
 o - 6 boomerangs
 s - 3 javelins
 u - 8 curare-tipped darts
 v - 41 poisoned darts (quivered)
 w - a throwing net
Armour
 f - the +3 pair of seven-league boots (worn) {Rampage+∞}
   (You acquired it on level 6 of the Dungeon)

   Rampage+∞: When moving toward enemies, its wearer moves as far as possible.
 n - a +0 plate armour
 r - the +5 cloak "Yrotanuv" (worn) {Str+4 Int+4}
   (You found it on level 3 of the Dungeon)

   Str:       It affects your strength (+4).
   Int:       It affects your intelligence (+4).
 y - a +2 pair of gloves (worn)
 F - the +0 chain mail of Demons (worn) {rElec rC+++ rCorr Int-4}
   (You found it on level 6 of the Dungeon)

   Int:       It affects your intelligence (-4).
   rC:        It renders you almost immune to cold.
   rElec:     It insulates you from electricity.
   rCorr:     It protects you from acid and corrosion.
Jewellery
 c - a +5 ring of evasion (right hand)
 A - a +5 ring of evasion (left hand)
 K - an amulet of regeneration (around neck)
 L - a ring of flight
Wands
 b - a wand of iceblast (20)
 D - a wand of polymorph (21)
 E - a wand of acid (9)
 G - a wand of mindburst (12)
 M - a wand of charming (13)
 N - a wand of flame (12)
Scrolls
 d - a scroll of summoning
 g - 4 scrolls of blinking
 i - 3 scrolls of magic mapping
 j - 5 scrolls of teleportation
 k - 2 scrolls of enchant armour
 x - 3 scrolls of fog
 H - 2 scrolls of enchant weapon
 O - 4 scrolls of identify
Potions
 e - 3 potions of attraction
 l - 6 potions of haste
 m - a potion of berserk rage
 q - 2 potions of lignification
 t - 2 potions of heal wounds
 z - 12 potions of curing
 B - 4 potions of flight
 C - 2 potions of invisibility
 I - a potion of might
 J - 3 potions of mutation


   Skills:
 + Level 9.2 Fighting
 - Level 20.0 Polearms
 + Level 9.3 Throwing
 - Level 6.0 Armour
 - Level 8.0 Dodging
 + Level 3.1 Evocations


You had 12 spell levels left.
You didn't know any spells.
Your spell library was empty.

Dungeon Overview and Level Annotations

Branches:
Dungeon (10/15)            Temple (0/1) D:6            Lair (5/5) D:10
  Swamp (0/4) Lair:2       Spider (0/4) Lair:3        Slime (0/5) Lair:5
    Orc (0/2) D:10

Altars:
Dithmenos
Fedhas
Hepliaklqana
Makhleb
Nemelex Xobeh
Okawaru
Ru
Sif Muna
Trog
Xom
Jiyva

Shops:
D:2 (   D:7 ?

Annotations:
D:5 exclusion: oklob plant


Innate Abilities, Weirdness & Mutations

((You are very nimble when in or above water. (Stealth+, EV+, Speed+++)))
Your lower body shifts to a powerful aquatic tail in water.


Message History

Trog accepts your kill.
The blink frog blinks!
The skyshark misses you.
The skyshark tail-slaps you but does no damage.
The skyshark closely misses you.
You see here a blink frog corpse.
You closely miss the blink frog. The blink frog completely misses you.
The skyshark completely misses you. The skyshark closely misses you. x2
The blink frog misses you.
Your skin crawls.
You feel strong-willed. The skyshark misses you.
The skyshark barely misses you. The skyshark closely misses you.
The blink frog blinks!
The skyshark misses you.
The skyshark tail-slaps you but does no damage.
The skyshark closely misses you.
You slice the skyshark!! You burn the skyshark!
The skyshark is heavily wounded.
The skyshark barely misses you. The skyshark closely misses you.
The skyshark tail-slaps you.
You barely miss the skyshark.
The skyshark is heavily wounded.
The blink frog blinks!
The skyshark bites you!
The skyshark enters a blood-rage!
The skyshark tail-slaps you but does no damage.
The skyshark barely misses you.
You slash the skyshark! You burn the skyshark.
The skyshark is heavily wounded.
The skyshark bites you!!
* * * LOW HITPOINT WARNING * * *
The skyshark completely misses you.
The skyshark tail-slaps you but does no damage.
You closely miss the skyshark.
The skyshark is heavily wounded.
The skyshark bites you.
* * * LOW HITPOINT WARNING * * *
The skyshark tail-slaps you but does no damage.
The skyshark closely misses you. The blink frog hits you!
* * * LOW HITPOINT WARNING * * *
The skyshark bites you!
You die...

~≈P~~P~~~~~~#### ###.#.......
~~≈~≈~~~P~~...###........... ~
###~~P~P~P~..P..##.........###
~~#~~~~~~~~..~..†~####......###.
~~≈~~≈~~.~...P..~.##...P..### #.
~~~~~....~..P~##P.......##.####.
..P......PP............## ###.#.
....F~........F.......#.# ###...
.#.#~.....†...l@F.P..######.....
####.##..####....## #.#....
####### #...## ####....# #.....
#..<...## #....#.###.....P#
##......#....#.## ...........#.#
...........### ...P.P####


You could see a skyshark (berserk) and 2 blink frogs.

Vanquished Creatures
  Erica (D:8)
  3 two-headed ogres
  A boulder beetle (D:8)
  A skyshark (Lair:3)
  Sonja (Lair:3)
  6 elephants (Lair:4)
  11 cane toads
  2 black mambas
  3 kobold demonologists
  Maggie (D:6)
  3 komodo dragons
  A troll (D:10)
  2 tyrant leeches (Lair:5)
  2 polar bears
  3 hornets
  4 blink frogs
  3 wyverns
  34 yaks
  Eustachio (D:5)
  4 basilisks
  3 steam dragons
  2 vampire mosquitoes (Lair:5)
  4 water moccasins
  A sky beast (D:7)
  An orc warrior (D:9)
  A black bear (D:5)
  4 wolves (Lair:1)
  4 centaurs
  A phantom (D:6)
  7 kobold brigands
  2 gnoll sergeants
  14 bullfrogs
  2 necrophages
  5 scorpions
  2 howler monkeys
  7 electric eels (D:10)
  2 jellies
  3 hounds
  2 gnoll boudas (D:7)
  5 orc priests
  Terence (D:3)
  4 iguanas
  10 orc wizards
  17 gnolls
  7 adders
  2 white imps
  2 worms
  2 dart slugs
  32 orcs
  2 bats (D:2)
  3 endoplasms
  7 giant cockroaches
  5 goblins
  10 hobgoblins
  3 jackals (D:3)
  A quokka (D:5)
  7 ball pythons
  25 kobolds
  3 rats
302 creatures vanquished.

Vanquished Creatures (collateral kills)
  A swamp dragon (Lair:2)
  A tyrant leech (Lair:5)
  A vampire mosquito (Lair:5)
  A water moccasin (Lair:2)
  2 bullfrogs (Lair:5)
6 creatures vanquished.

Vanquished Creatures (others)
  5 fungi
  54 plants
  9 toadstools (D:5)
68 creatures vanquished.

Grand Total: 376 creatures vanquished

Notes
Turn   | Place    | Note
-------+----------+-------------------------------------------
     0 | D:1      | jejorda2 the Merfolk Berserker began the quest for the Orb.
     0 | D:1      | Reached XP level 1. HP: 18/18 MP: 1/1
   572 | D:1      | Reached XP level 2. HP: 24/24 MP: 2/2
   913 | D:2      | Reached XP level 3. HP: 29/29 MP: 3/3
  1105 | D:2      | Reached skill level 5 in Polearms
  1404 | D:2      | Found Uplak's Weapon Shoppe.
  1783 | D:3      | Noticed Terence
  1802 | D:3      | Killed Terence
  1803 | D:3      | Reached XP level 4. HP: 37/37 MP: 4/4
  1973 | D:3      | Identified the +5 cloak "Yrotanuv" {Str+4 Int+4}
  2053 | D:3      | Found an iron altar of Okawaru.
  2398 | D:3      | Reached ** piety under Trog
  2443 | D:3      | Found a faded altar of an unknown god.
  2561 | D:3      | Found a sparkling altar of Nemelex Xobeh.
  2797 | D:4      | Reached skill level 6 in Polearms
  2797 | D:4      | Reached XP level 5. HP: 42/42 MP: 5/5
  3011 | D:4      | Reached skill level 7 in Polearms
  3011 | D:4      | Reached XP level 6. HP: 45/49 MP: 6/6
  3406 | D:5      | Entered Level 5 of the Dungeon
  3446 | D:5      | Found a blossoming altar of Fedhas.
  3446 | D:5      | Noticed Eustachio
  3459 | D:5      | Killed Eustachio
  3460 | D:5      | Reached skill level 5 in Fighting
  3460 | D:5      | Reached skill level 8 in Polearms
  3460 | D:5      | Reached XP level 7. HP: 56/56 MP: 7/7
  3504 | D:5      | Noticed an oklob plant
  3816 | D:5      | Reached skill level 9 in Polearms
  3830 | D:5      | Reached XP level 8. HP: 64/64 MP: 8/8
  4366 | D:6      | Found a staircase to the Ecumenical Temple.
  4378 | D:6      | Identified the +0 chain mail of Demons {rElec rC+++ rCorr
                  | Int-4}
  4393 | D:6      | Reached skill level 10 in Polearms
  4395 | D:6      | Identified a scroll of acquirement
  4395 | D:6      | Acquired the +3 pair of seven-league boots {Rampage+∞}
  4395 | D:6      | Found the +3 pair of seven-league boots {Rampage+∞}
  4640 | D:6      | Reached *** piety under Trog
  4784 | D:6      | Noticed Maggie
  4788 | D:6      | Reached skill level 11 in Polearms
  4798 | D:6      | Killed Maggie
  4799 | D:6      | Reached XP level 9. HP: 69/69 MP: 9/9
  4866 | D:6      | Found a hazy altar of Hepliaklqana.
  5101 | D:6      | Reached skill level 12 in Polearms
  5396 | D:7      | Reached skill level 5 in Armour
  5555 | D:7      | Found Foing's Magic Scroll Shop.
  5865 | D:7      | Reached skill level 13 in Polearms
  5986 | D:8      | Noticed Erica
  5990 | D:8      | Noticed a two-headed ogre
  6001 | D:8      | Killed Erica
  6006 | D:8      | Killed a two-headed ogre
  6007 | D:8      | Reached skill level 14 in Polearms
  6007 | D:8      | Reached XP level 10. HP: 76/76 MP: 10/10
  6156 | D:8      | Reached **** piety under Trog
  6190 | D:8      | Noticed a boulder beetle
  6202 | D:8      | Killed a boulder beetle
  6203 | D:8      | Reached skill level 15 in Polearms
  6469 | D:8      | Found a shimmering blue altar of Sif Muna.
  6552 | D:8      | Noticed a two-headed ogre
  6560 | D:8      | Killed a two-headed ogre
  6561 | D:8      | Reached skill level 16 in Polearms
  6660 | D:7      | Bought a scroll of identify for 24 gold pieces
  6660 | D:7      | Bought a scroll of identify for 24 gold pieces
  6800 | D:9      | Noticed a two-headed ogre
  6806 | D:9      | Killed a two-headed ogre
  6861 | D:9      | Reached skill level 17 in Polearms
  6923 | D:9      | Reached skill level 1 in Throwing
  7096 | D:9      | Reached XP level 11. HP: 68/81 MP: 11/11
  7210 | D:9      | Reached skill level 5 in Dodging
  7306 | D:9      | Noticed a sun demon
  7523 | D:10     | Entered Level 10 of the Dungeon
  7616 | D:10     | Identified the +8 arbalest of the Inferno {drain, rPois rC+
                  | Int+4}
  7773 | D:10     | Found a staircase to the Lair.
  7878 | D:10     | Found a shadowy altar of Dithmenos.
  7918 | D:10     | Found a shimmering altar of Xom.
  8117 | D:10     | Found a burning altar of Makhleb.
  8152 | D:10     | Found a staircase to the Orcish Mines.
  8453 | D:10     | Found a sacrificial altar of Ru.
  8507 | Lair:1   | Entered Level 1 of the Lair of Beasts
  8541 | Lair:1   | Reached skill level 18 in Polearms
  8699 | Lair:1   | Reached ***** piety under Trog
  8814 | Lair:1   | Reached skill level 5 in Throwing
  9293 | Lair:2   | Reached XP level 12. HP: 88/88 MP: 12/12
  9393 | Lair:2   | Found a staircase to the Swamp.
  9396 | Lair:2   | Found a bloodstained altar of Trog.
  9794 | Lair:2   | Reached skill level 19 in Polearms
 10263 | Lair:3   | Found a hole to the Spider Nest.
 10357 | Lair:3   | Noticed a skyshark
 10376 | Lair:3   | Killed a skyshark
 10610 | Lair:3   | Noticed Sonja
 10640 | Lair:3   | Killed Sonja
 10757 | Lair:3   | Identified the +3 war axe "Elaxuon" {heavy, rPois Str-2
                  | Int+4}
 11030 | Lair:4   | Reached skill level 20 in Polearms
 11297 | Lair:4   | Identified the +5 falchion of Distant Worlds {heavy, Str+3}
 11342 | Lair:4   | Reached XP level 13. HP: 98/99 MP: 13/13
 11501 | Lair:4   | Reached skill level 1 in Evocations
 11786 | Lair:5   | Entered Level 5 of the Lair of Beasts
 11797 | Lair:5   | Found a viscous altar of Jiyva.
 11798 | Lair:5   | Found a staircase to the Slime Pits.
 11950 | Lair:5   | Slain by a skyshark

Illustrated notes

Levels and vault maps discovered:
D:1:      minmay_arrival_split_and_join, layout_rooms
D:2:      layout_loops_ring, serial_shops, nicolae_shop_statue_plus,
          minmay_tiny_reverse_x
D:3:      layout_loops_ring, nemelex_diamond_rough_becter,
          hellmonk_okawaru_the_only_friend_you_need,
          shapermc_ecumenical_altar_hornbeckon, serial_aquarium,
          aquarium_bridge_island_small [aquarium_subvault_small_water,
          aquarium_subvault_bridge, aquarium_subvault_wall,
          aquarium_subvault_bridge, aquarium_subvault_bridge],
          aquarium_bridge_straight [aquarium_subvault_bridge,
          aquarium_subvault_wall, aquarium_subvault_bridge,
          aquarium_subvault_window], aquarium_window_2,
          aquarium_window_corridor_1, aquarium_view_2c, aquarium_view_2c,
          aquarium_balcony_double_2, aquarium_pool_2, uniq_terence
D:4:      layout_basic
D:5:      cheibrodos_thug_alley, layout_gridville, tgw_fedhas, serial_glass,
          glass_columns_b, glass_columns_a, glass_columns_c, glass_columns_a,
          kennysheep_generic_room_9, uniq_eustachio
D:6:      layout_rooms, nicolae_hepliaklqana_hazy_memory,
          minmay_temple_entry_statues_pillars, nrook_mini_vaults,
          kennysheep_windowed_goal, uniq_maggie
D:7:      layout_basic, serial_shops, nicolae_take_the_stairs
D:8:      layout_basic, mainiacjoe_overflow_catwalk, minmay_strange_pillars,
          uniq_erica
D:9:      layout_irregular_city, nicolae_titane
D:10:     layout_basic, mainiacjoe_overflow_small_starburst,
          nicolae_ru_the_path_less_chosen, mainiacjoe_overflow_alcove_4,
          mainiacjoe_overflow_boulevard, dpeg_oklobed_lair, fungi_pond_lemuel
Lair:1:   layout_layer_cave
Lair:2:   layout_long_grid, minmay_swamp_entry_reptiles, basic_altar,
          serial_bayou_shore_b
Lair:3:   layout_small_grid, spider_nest_entry_web_field,
          hangedman_lair_unloving_vines, uniq_sonja
Lair:4:   layout_cave_pods, grunt_megastairs_3, infiniplex_staircase_pool_2
Lair:5:   minmay_lair_end_frog_pond, layout_concentric_octagons, slime_entry_1

Skill      XL: |  1  2  3  4  5  6  7  8  9 10 11 12 13 |
---------------+----------------------------------------+-----
Dodging        | 3 4 8 |  8.0
Polearms       | 5 6 7 8 9 11 14 17 18 20 | 20.0
Fighting       | 4 5 6 8 9 |  9.2
Armour         | 2 3 4 5 6 |  6.0
Throwing       | 1 6 8 9 |  9.3
Evocations     | 3 |  3.1

Action                     |  1- 3 |  4- 6 |  7- 9 | 10-12 | 13-15 || total
---------------------------+-------+-------+-------+-------+-------++-------
  Melee: Spear             |   127 |   147 |    99 |       |       ||   373
         Punch             |     2 |     1 |     2 |       |       ||     5
         Halberd           |       |       |   214 |   614 |    88 ||   916
         Tailslap          |       |       |       |     8 |       ||     8
  Throw: Stone             |       |     5 |     6 |       |       ||    11
         Dart              |       |       |       |    16 |       ||    16
 Invoke: Berserk           |     4 |     4 |     4 |     5 |     1 ||    18
         Trog's Hand       |       |     2 |     2 |     6 |     1 ||    11
         Brothers in Arms  |       |       |       |     1 |     1 ||     2
    Use: Scroll            |       |       |    18 |     7 |     1 ||    26
         Potion            |       |       |       |       |     3 ||     3
   Stab: Sleeping          |     2 |       |       |       |       ||     2
 Armour: Animal skin       |    11 |       |       |       |       ||    11
         Plate armour      |    10 |    33 |   139 |    47 |       ||   229
         Chain mail        |       |       |       |   115 |    34 ||   149
  Dodge: Dodged            |    47 |    27 |   145 |   465 |   142 ||   826

Table legend: (Time is in decaauts)
 A = Elapsed time spent in this place.
 B = Non-inter-level travel time spent in this place.
 C = Inter-level travel time spent in this place.
 D = Time resting spent in this place.
 E = Time spent auto-exploring this place.
 F = Levels seen in this place.
 G = Mean time per level.
                   A        B        C        D        E       F      G
               +--------+--------+--------+--------+--------+-----+--------+
         Total |  11737 |  11067 |    670 |   1391 |   7721 |  15 |  782.5 |
       Dungeon |   8416 |   7855 |    561 |   1158 |   5311 |  10 |  841.6 |
          Lair |   3321 |   3213 |    108 |    232 |   2409 |   5 |  664.2 |
               +--------+--------+--------+--------+--------+-----+--------+

Top non-repeatable levels by time:
     D:5: 1065 daAuts
     D:3: 1015 daAuts
    D:10: 931 daAuts
  Lair:4: 901 daAuts
     D:1: 880 daAuts
     D:2: 847 daAuts
  Lair:2: 841 daAuts
     D:7: 786 daAuts
     D:8: 773 daAuts
     D:9: 738 daAuts
  Lair:3: 723 daAuts
  Lair:1: 709 daAuts
     D:6: 696 daAuts
     D:4: 682 daAuts
  Lair:5: 146 daAuts
